Map: Neon Violet Square LE

Players

Jdoc - Winner!

  • Race: Protoss Protoss
  • League: Silver
  • Spawn Location: 11:00

iPlayDefense

  • Race: Terran Terran
  • League: Silver
  • Spawn Location: 5:00

VOD

Have the link to the VOD?

Description

Time

  • Played on: April 19, 2025, 11:28 a.m.
  • Length: 8:37
Show
View Real Time Build Order
Export as new Build Order

Jdoc Protoss - Winner!

Build Orders: Nexus First 

Get SALT Encoding   

  12  0:06  Probe  
  13  0:15  Probe  
  14  0:22  Pylon  
  14  0:23  Probe  
  15  0:40  Probe  
  16  0:52  Probe  
  17  1:04  Nexus  
  17  1:08  Probe  
  18  1:18  Assimilator, Probe  
  18  1:24  Assimilator  
  19  1:26  Probe  
  20  1:34  Probe  
  21  1:46  Probe  
  22  1:58  Probe  
  23  2:12  Probe  
  23  2:19  Pylon  
  24  2:24  Probe, Pylon  
  24  2:25  Probe  
  26  2:33  Probe  
  26  2:36  Probe  
  27  2:42  Probe  
  28  2:48  Probe  
  28  2:49  Gateway  
  30  2:51  Gateway x2  
  30  2:54  Probe  
  31  3:07  Gateway  
  31  3:11  Gateway  
  31  3:13  Gateway  
  31  3:38  Zealot, Pylon  
  31  3:42  Cybernetics Core, Zealot  
  31  3:44  Zealot  
  31  3:47  Pylon  
  37  4:00  Zealot  
  37  4:01  Zealot  
  41  4:10  Zealot x3  
  41  4:11  Zealot  
  49  4:28  Zealot  
  51  4:34  Stalker  
  53  4:38  Stalker  
  53  4:40  Nexus  
  53  4:43  Stalker  
  55  4:49  Stalker  
  59  4:54  Stalker  
  61  5:00  Stalker  
  61  5:05  Stalker  
  65  5:18  Pylon x2  
  65  5:23  Pylon  
  65  5:24  Stalker  
  67  5:29  Stalker  
  67  5:35  Stalker  
  71  5:46  Probe x2  
  73  5:50  Stalker  
  73  5:56  Stalker  
  75  5:58  Probe x2  
  79  6:04  Stalker  
  79  6:10  Stalker, Probe  
  82  6:14  Stalker  
  86  6:18  Stalker  
  86  6:24  Stalker  
  88  6:29  Stalker  
  88  6:32  Stalker  
  94  6:40  Stalker  
  94  6:42  Pylon  
  96  6:49  Stalker  
  96  6:50  Stalker  
  100  6:55  Stalker  
  100  6:58  Stalker  
  104  7:02  Stalker  
  106  7:12  Pylon  
  106  7:14  Zealot  
  108  7:23  Stalker  
  108  7:25  Zealot  
  108  7:26  Stalker  
  108  7:27  Zealot  
  116  7:33  Zealot  
  118  7:38  Stalker  
  120  7:45  Pylon  
  120  7:48  Pylon  
  120  7:50  Pylon  
  118  8:00  Stalker  
  118  8:03  Zealot  
Show
View Real Time Build Order
Export as new Build Order

iPlayDefense Terran 

Build Orders:  

Get SALT Encoding   

  12  0:00  SCV  
  13  0:18  Supply Depot  
  13  0:19  SCV  
  14  0:32  SCV  
  15  0:35  Refinery  
  15  0:44  SCV  
  16  0:56  SCV, Barracks  
  17  1:08  SCV  
  18  1:20  SCV  
  19  1:44  Orbital Command  
  19  1:45  Barracks Reactor  
  19  1:52  Command Center  
  19  2:06  Factory  
  19  2:09  Refinery  
  19  2:21  Marine x2  
  21  2:33  SCV  
  22  2:39  Marine  
  23  2:46  Supply Depot  
  23  2:53  Factory Tech Lab  
  23  3:03  SCV, Marine x2  
  26  3:08  Bunker  
  26  3:09  Orbital Command  
  26  3:15  SCV  
  27  3:23  Siege Tank  
  30  3:27  SCV  
  31  3:45  Supply Depot  
  31  3:46  Supply Depot  
  31  3:48  Marine x2  
  33  4:03  Starport  
  33  4:04  Engineering Bay  
  33  4:06  Marine x2  
  33  4:08  SCV x2  
  37  4:24  Marine  
  38  4:45  Starport Reactor, Barracks  
  38  4:49  Barracks  
  38  4:55  Siege Tank  
  38  4:59  SCV x2  
  43  5:00  Marine x2  
  45  5:09  Refinery  
  45  5:11  SCV x2  
  45  5:14  Supply Depot  
  47  5:18  Marine x2  
  49  5:24  SCV x2  
  51  5:33  Barracks Tech Lab  
  51  5:36  SCV x2, Marine x2  
  51  5:39  Medivac x2  
  51  5:41  Barracks Tech Lab  
  59  5:43  Supply Depot  
  59  5:46  Supply Depot  
  59  5:56  SCV x2, Marine x2, Refinery  
  63  6:03  Stimpack  
  63  6:04  Combat Shield  
  63  6:08  SCV x2  
  65  6:11  Terran Infantry Weapons Level 1  
  65  6:29  SCV x2, Marine x2  
  65  6:30  Marine x2  
  65  6:31  Siege Tank  
  74  6:35  Medivac  
  76  6:41  SCV x2  
  76  6:43  Supply Depot  
  76  6:44  Supply Depot  
  78  6:47  Marine x2  
  80  7:17  Command Center  
  80  7:29  Bunker  
  80  7:30  Marine  
  80  7:31  Marine x3  
  80  7:33  Bunker  
  84  7:48  Marine x2  
  84  7:49  Marine x2  
  55  8:18  Marine  
  55  8:19  Marine x3  
Tags
 
Add a new tag
Caveats
  • Supply blocks, unpowered buildings, or Contaminate may cause inaccurate times.
  • Supply counts are checked every 10 seconds.